 Dungeon Crawl Stone Soup version 0.25-a0-942-g87a53962fc (webtiles) character file.

Game seed: 14629405340812033509, levelgen mode: deterministic

17960 Flugslaktarn the Cleaver (level 12, -12/108 HPs)
             Began as a Minotaur Fighter on May 7, 2020.
             Was a High Priest of Makhleb.
             Mangled by Fannar
             ... wielding an uncursed staff of cold
              (17 damage)
             ... on level 2 of the Lair of Beasts.
             The game lasted 00:07:14 (13334 turns).

Flugslaktarn the Cleaver (Minotaur Fighter)        Turns: 13334, Time: 00:07:14

Health: -12/108    AC: 18    Str: 22    XL:     12   Next: 23%
Magic:  17/17      EV:  9    Int:  5    God:    Makhleb [*****.]
Gold:   86         SH: 15    Dex: 14    Spells: 11/11 levels left

rFire    . . .     SeeInvis .   i - +6 broad axe of Vetwea {vorpal, rPois}
rCold    . . .     Gourm    .   c - +0 kite shield
rNeg     . . .     Faith    .   C - +0 plate armour
rPois    +         Spirit   .   (helmet restricted)
rElec    .         Reflect  +   u - +2 cloak
rCorr    .         Harm     .   (no gloves)
MR       .....                  (no boots)
Stlth    ..........             m - +3 amulet of reflection
HPRegen  0.28/turn              o - ring of poison resistance
MPRegen  0.15/turn              v - +3 ring of evasion

@: no status effects
A: retaliatory headbutt, horns 2
a: Minor Destruction, Lesser Servant of Makhleb, Major Destruction, Greater
Servant of Makhleb, Renounce Religion


You were on level 2 of the Lair of Beasts.
You worshipped Makhleb.
Makhleb was extremely pleased with you.
You were hungry.

You visited 2 branches of the dungeon, and saw 13 of its levels.

You collected 605 gold pieces.
You spent 519 gold pieces at shops.

Inventory:

Hand Weapons
 a - a +1 war axe
 i - the +6 broad axe of Vetwea (weapon) {vorpal, rPois}
   (You bought it in a shop on level 6 of the Dungeon)

   It inflicts extra damage upon your enemies.
   It protects you from poison.
Missiles
 f - 2 throwing nets (quivered)
Armour
 c - a +0 kite shield (worn)
 u - a +2 cloak (worn)
   (You found it on level 3 of the Dungeon)
 C - a +0 plate armour (worn)
   (You found it on level 2 of the Lair of Beasts)
Jewellery
 k - an uncursed ring of resist corrosion
   (You found it on level 7 of the Dungeon)
 m - a +3 amulet of reflection (around neck)
   (You took it off a centaur on level 8 of the Dungeon)
 o - a ring of poison resistance (left hand)
   (You found it on level 1 of the Dungeon)
 v - a +3 ring of evasion (right hand)
   (You found it on level 5 of the Dungeon)
 B - an uncursed ring of magical power {unknown}
   (You found it on level 2 of the Lair of Beasts)
Wands
 g - a wand of enslavement (23)
   (You found it on level 5 of the Dungeon)
 s - a wand of acid (4)
   (You found it on level 8 of the Dungeon)
Scrolls
 n - a scroll of immolation
 t - 10 scrolls of teleportation
 x - 2 scrolls of remove curse
 y - a scroll of random uselessness {unknown}
 z - 2 scrolls of blinking
Potions
 b - a potion of mutation
 d - a potion of might
 h - a potion of flight
 j - a potion of ambrosia
 l - 6 potions of brilliance
 p - a potion of stabbing
 q - 6 potions of curing
 r - a potion of resistance {unknown}
 w - 2 potions of heal wounds
 A - a potion of magic {unknown}
 E - a potion of invisibility {unknown}
 F - a potion of haste
Comestibles
 e - 22 rations


   Skills:
 + Level 10.6 Fighting
 * Level 13.8 Axes
 + Level 10.5 Armour
 + Level 10.5 Shields
 + Level 8.1 Invocations


You had 11 spell levels left.
You didn't know any spells.
Your spell library was empty.

Dungeon Overview and Level Annotations

Branches:
Dungeon (11/15)            Temple (0/1) D:6            Lair (2/6) D:10
  Swamp: Lair:2-4    Shoals: Lair:2-4     Snake: Lair:2-4    Spider: Lair:2-4
    Orc: D:9-12

Altars:
Cheibriados
Dithmenos
Elyvilon
Fedhas
Kikubaaqudgha
Makhleb
Okawaru
Qazlal
Uskayaw
Wu Jian
Zin
The Shining One

Shops:
D:6 (   D:10 [

Annotations:
D:4 exclusion: 2 goblins
Lair:2 Fannar


Innate Abilities, Weirdness & Mutations

You reflexively headbutt those who attack you in melee.
You have a pair of horns on your head.


Message History

Fannar is severely wounded.
Fannar hits you but does no damage. Fannar freezes you!
* * * LOW HITPOINT WARNING * * *
You are too injured to fight recklessly!
You are too injured to fight recklessly!
You are too injured to fight recklessly!
You are too injured to fight recklessly!
Unknown command.
You feel much better. Fannar hits you but does no damage. Fannar freezes you.
You block Fannar's attack.
A demon appears!
Fannar gestures at you while chanting. The bolt of cold hits you!!
* * * LOW HITPOINT WARNING * * *
A demon appears!
Fannar hits you but does no damage. Fannar freezes you!
* * * LOW HITPOINT WARNING * * *
Fannar hits you with an uncursed staff of cold.
* * * LOW HITPOINT WARNING * * *
Fannar freezes you!
You die...

..........................
#......#...#.P.....P....##
###.........##...[......##
##........#.....##......
##.......#....######...
#....#.#....## ##.....
#.#....##...# #..(.P#
##....3##.### ##.....
#..#@.#...###########
#...#.e.#.....#.##.....
#..##3.##.......##.....
.... ...###..........###
... #....#..####.#..##..
.. .....##..##..##.##..
...... #.##...##.####
..##.########..#...##P
##.##.....


You could see Fannar and 2 friendly neqoxecs.

Vanquished Creatures
  A hydra (Lair:2)
  Urug (Lair:2)
  3 ugly things
  A black mamba (Lair:2)
  2 centaur zombies
  3 spiny frogs
  A torpor snail (Lair:2)
  A rime drake (Lair:2)
  4 komodo dragons (Lair:2)
  2 trolls
  Grinder (D:3)
  Prince Ribbit (D:5)
  4 blink frogs (Lair:2)
  4 hippogriffs
  20 yaks
  A hungry ghost (D:10)
  Edmund (D:5)
  3 water moccasins
  Duvessa (D:4)
  3 ice beasts
  3 orc warriors
  3 porcupines
  4 sky beasts
  A phantom (D:8)
  An ogre (D:11)
  5 centaurs
  A big kobold (D:11)
  5 crocodiles
  11 bullfrogs
  A gnoll sergeant (D:9)
  A wyvern zombie (D:7)
  A wyvern skeleton (D:11)
  Dowan (D:4)
  5 scorpions
  8 killer bees (D:11)
  2 howler monkeys (D:6)
  3 crimson imps
  A bullfrog zombie (D:8)
  10 hounds
  A centaur skeleton (D:5)
  7 orc wizards
  5 orc priests
  A bullfrog skeleton (D:8)
  A gnoll shaman (D:8)
  11 iguanas
  8 worker ants
  Ijyb (D:3)
  A killer bee zombie (D:5)
  2 hound skeletons
  A howler monkey zombie (D:6)
  Robin (D:3)
  8 gnolls
  A howler monkey skeleton (D:8)
  9 adders
  3 shadow imps
  An adder zombie (D:5)
  An adder skeleton (D:8)
  A worm (D:2)
  3 dart slugs
  3 leopard geckos
  26 orcs
  5 giant cockroaches
  19 goblins
  7 hobgoblins
  13 jackals
  6 kobolds
  5 quokkas
  2 ball pythons
  6 bats
  2 frilled lizards
  A leopard gecko zombie (D:8)
  3 rats
  A plant (Lair:2)
291 creatures vanquished.

Vanquished Creatures (collateral kills)
  A hydra (Lair:1)
  A two-headed ogre (D:8)
  A bullfrog (Lair:2)
3 creatures vanquished.

Vanquished Creatures (others)
  A fungus (Lair:2)
1 creature vanquished.

Grand Total: 295 creatures vanquished

Notes
Turn   | Place    | Note
-------+----------+-------------------------------------------
     0 | D:1      | Flugslaktarn the Minotaur Fighter began the quest for the
                  | Orb.
     0 | D:1      | Reached XP level 1. HP: 19/19 MP: 0/0
   145 | D:1      | You fall into a shaft and drop 1 floor!
   214 | D:1      | Reached XP level 2. HP: 25/27 MP: 1/1
   243 | D:1      | Reached skill level 3 in Axes
   828 | D:2      | Found a blossoming altar of Fedhas.
   906 | D:2      | Reached XP level 3. HP: 33/33 MP: 2/2
   979 | D:2      | Found a burning altar of Makhleb.
   990 | D:2      | Became a worshipper of Makhleb the Destroyer
  1230 | D:3      | Reached XP level 4. HP: 39/40 MP: 3/3
  1356 | D:3      | Noticed Robin
  1359 | D:3      | Reached skill level 4 in Axes
  1362 | D:3      | Reached * piety under Makhleb
  1370 | D:3      | Killed Robin
  1570 | D:3      | Reached skill level 1 in Invocations
  1570 | D:3      | Reached XP level 5. HP: 32/47 MP: 4/4
  1864 | D:3      | Noticed Ijyb
  1871 | D:3      | Noticed Grinder
  1878 | D:3      | Killed Ijyb
  1880 | D:3      | Paralysed by Grinder for 7 turns
  1897 | D:3      | Killed Grinder
  1897 | D:3      | Reached skill level 5 in Axes
  1897 | D:3      | Reached skill level 5 in Shields
  1897 | D:3      | Reached XP level 6. HP: 13/55 MP: 6/6
  2168 | D:3      | Found a white marble altar of Elyvilon.
  2621 | D:3      | Found an ancient bone altar of Kikubaaqudgha.
  2750 | D:4      | Reached skill level 5 in Fighting
  2750 | D:4      | Reached skill level 5 in Armour
  2922 | D:4      | Reached XP level 7. HP: 49/61 MP: 7/7
  2922 | D:4      | Reached ** piety under Makhleb
  3335 | D:5      | Entered Level 5 of the Dungeon
  3342 | D:5      | Found an ornate altar of the Wu Jian Council.
  3342 | D:5      | Found a glowing silver altar of Zin.
  3342 | D:5      | Noticed a yak
  3342 | D:5      | Noticed a yak
  3343 | D:5      | Noticed a yak
  3343 | D:5      | Noticed a yak
  3345 | D:5      | Found a stormy altar of Qazlal.
  3349 | D:5      | Reached skill level 6 in Axes
  3363 | D:4      | Killed a yak
  3573 | D:5      | Killed a yak
  3579 | D:5      | Killed a yak
  3579 | D:5      | Reached skill level 7 in Axes
  3579 | D:5      | Reached XP level 8. HP: 68/70 MP: 9/9
  3629 | D:5      | Found a glowing golden altar of the Shining One.
  3952 | D:4      | Noticed Duvessa
  3952 | D:4      | Noticed Dowan
  3980 | D:4      | Killed Dowan
  3980 | D:4      | Killed Duvessa
  4216 | D:4      | Found an iron altar of Okawaru.
  4319 | D:4      | Reached skill level 8 in Axes
  4395 | D:5      | Noticed Edmund
  4413 | D:5      | Killed Edmund
  4496 | D:5      | Found a shadowy altar of Dithmenos.
  4572 | D:5      | Noticed Prince Ribbit
  4581 | D:5      | Killed Prince Ribbit
  4697 | D:6      | Reached XP level 9. HP: 78/78 MP: 11/11
  4744 | D:6      | Reached skill level 9 in Axes
  4971 | D:6      | Found Gunet's Weapon Boutique.
  5143 | D:6      | Found a staircase to the Ecumenical Temple.
  5178 | D:6      | Reached *** piety under Makhleb
  6029 | D:7      | Reached skill level 5 in Invocations
  6292 | D:8      | Noticed a troll
  6302 | D:8      | Killed a troll
  6302 | D:8      | Reached skill level 10 in Axes
  6619 | D:8      | Noticed a two-headed ogre
  7152 | D:8      | Found a snail-covered altar of Cheibriados.
  7164 | D:8      | Reached XP level 10. HP: 88/88 MP: 13/13
  7193 | D:8      | Killed a two-headed ogre
  7424 | D:8      | Found a hide-covered altar of Uskayaw.
  7424 | D:8      | Found a burning altar of Makhleb.
  7526 | D:9      | Noticed a cyan ugly thing
  7540 | D:9      | Killed a cyan ugly thing
  7540 | D:9      | Reached skill level 11 in Axes
  7823 | D:9      | Reached **** piety under Makhleb
  7874 | D:9      | Noticed a red ugly thing
  7892 | D:9      | Killed a red ugly thing
  8860 | D:10     | Entered Level 10 of the Dungeon
  9055 | D:10     | Found Paptosh's Antique Armour Boutique.
  9365 | D:10     | Found a staircase to the Lair.
  9465 | D:11     | Noticed a white ugly thing
  9487 | D:10     | Killed a white ugly thing
  9566 | D:11     | Reached XP level 11. HP: 97/97 MP: 14/14
  9570 | D:11     | Reached skill level 12 in Axes
 10079 | D:11     | Reached ***** piety under Makhleb
 10489 | D:6      | Bought the +6 broad axe of Vetwea {vorpal, rPois} for 519
                  | gold pieces
 10617 | Lair:1   | Entered Level 1 of the Lair of Beasts
 11002 | Lair:1   | Noticed a six-headed hydra
 11046 | Lair:1   | Killed a 12-headed hydra
 11914 | Lair:2   | Reached skill level 10 in Fighting
 11941 | Lair:2   | Reached skill level 13 in Axes
 12035 | Lair:1   | Reached skill level 10 in Armour
 12071 | Lair:2   | Reached skill level 10 in Shields
 12399 | Lair:2   | Noticed an eight-headed hydra
 12407 | Lair:2   | Killed an 11-headed hydra
 12790 | Lair:2   | Reached XP level 12. HP: 107/107 MP: 16/16
 12931 | Lair:2   | Noticed Urug
 12942 | Lair:2   | Killed Urug
 13318 | Lair:2   | Noticed Fannar
 13334 | Lair:2   | HP: 5/108 [Fannar/uncursed staff of cold (4)]
 13334 | Lair:2   | Mangled by Fannar

Levels and vault maps discovered:
D:1:      dpeg_arrival_chambers_temple_mockup, layout_loops_ring,
          serial_bayou_lagoon_b
D:2:      layout_loops_corners, fedhas_altar_1, marbit_many_paths, first_ration,
          makhleb_blood_cavern_becter
D:3:      kennysheep_goblin_castle, layout_basic,
          nicolae_overflow_hidden_temple, elyvilon_altar_4, uniq_grinder,
          uniq_ijyb, uniq_robin
D:4:      layout_basic, kennysheep_okawaru_gauntlet, uniq_duvessa
D:5:      layout_basic, kennysheep_mini, grunt_temple_overflow_open,
          tso_metal_star, uniq_prince_ribbit1, uniq_edmund
D:6:      layout_loops_ring, minmay_temple_entry_statues, serial_shops, shop
D:7:      layout_basic
D:8:      layout_loops_ring, kennysheep_mini_moat,
          chequers_temple_overflow_statue_of_worship
D:9:      layout_loops_corners
D:10:     layout_roguey, lair_entry_dummy, serial_shops, shop
D:11:     layout_long_grid
Lair:1:   layout_cave_pods, grunt_megastairs_3
Lair:2:   beast_lair_carwin_large_3, layout_misc_corridors, uniq_fannar,
          uniq_urug

Skill      XL: |  1  2  3  4  5  6  7  8  9 10 11 12 |
---------------+-------------------------------------+-----
Axes           | 3 4 5 7 8 10 11 13 | 13.8
Shields        | 4 5 6 7 9 10 | 10.5
Fighting       | 4 5 6 8 9 10 | 10.6
Armour         | 4 5 6 7 9 10 | 10.5
Invocations    | 1 2 3 4 5 6 7 8 |  8.1

Action                   |  1- 3 |  4- 6 |  7- 9 | 10-12 || total
-------------------------+-------+-------+-------+-------++-------
Melee: War axe           |    66 |   103 |   319 |   264 ||   752
       Headbutt          |     8 |    20 |    70 |    95 ||   193
       Broad axe         |       |       |       |   138 ||   138
Invok: Lesser Servant of |       |       |       |     9 ||     9
Evoke: Wand              |       |       |       |     3 ||     3
  Use: Potion            |       |       |     2 |     3 ||     5
       Scroll            |       |       |    11 |     8 ||    19
 Stab: Distracted        |       |       |       |     2 ||     2
  Eat: Chunk             |     1 |     2 |    13 |    13 ||    29
       Ration            |       |     1 |       |     2 ||     3
Armor: Scale mail        |    22 |    72 |   113 |    26 ||   233
       Chain mail        |       |       |       |    91 ||    91
       Plate armour      |       |       |       |    40 ||    40
Dodge: Dodged            |    16 |    41 |    97 |   126 ||   280
Block: Kite shield       |    40 |    74 |   202 |   305 ||   621
       Reflection        |       |       |       |     3 ||     3

Table legend:
 A = Non-vault XP
 B = Vault XP
 C = Vault XP percentage of total XP
 D = Non-vault monster count
 E = Vault monster count
 F = Vault count percentage of total count
                 A         B        C        D         E       F
            +---------+---------+-------+---------+---------+-------
      Total |   22063 |    3595 |  14.0 |     253 |      40 |  13.7
            +---------+---------+-------+---------+---------+-------
        D:1 |      32 |       0 |   0.0 |      16 |       0 |   0.0
        D:2 |      15 |      45 |  75.0 |       8 |       1 |  11.1
        D:3 |     119 |     381 |  76.2 |      20 |      23 |  53.5
        D:4 |     509 |     211 |  29.3 |      22 |       2 |   8.3
        D:5 |    1023 |     425 |  29.4 |      13 |       2 |  13.3
        D:6 |    1239 |       0 |   0.0 |      28 |       0 |   0.0
        D:7 |     350 |       0 |   0.0 |       9 |       0 |   0.0
        D:8 |    2182 |       0 |   0.0 |      28 |       0 |   0.0
        D:9 |    2527 |       0 |   0.0 |      22 |       0 |   0.0
       D:10 |    1359 |       0 |   0.0 |      11 |       0 |   0.0
       D:11 |    4012 |       0 |   0.0 |      40 |       0 |   0.0
     Lair:1 |    3352 |       0 |   0.0 |      13 |       0 |   0.0
     Lair:2 |    5344 |    2533 |  32.2 |      23 |      12 |  34.3
            +---------+---------+-------+---------+---------+-------
